 Dungeon Crawl Stone Soup version 0.22-a0-443-g17c3723931 (webtiles) character file.

700 sixthfire the Chopper (level 7, -1/54 HPs)
             Began as a Human Berserker on May 31, 2018.
             Was a Priest of Trog.
             Splashed by a jelly's acid (4 damage)
             ... on level 5 of the Dungeon on June 1, 2018.
             The game lasted 00:48:52 (4600 turns).

sixthfire the Chopper (Human Berserker)             Turns: 4600, Time: 00:48:52

Health: -1/54      AC:  8    Str: 19    XL:     7   Next: 98%
Magic:  7/7        EV: 11    Int:  7    God:    Trog [***...]
Gold:   310        SH:  0    Dex: 13    Spells: 6/6 levels left

rFire    . . .     SeeInvis .   m - +2 hand axe (freeze)
rCold    . . .     Gourm    .   (no shield)
rNeg     + . .     Faith    .   q - +0 scale mail
rPois    .         Spirit   .   (no helmet)
rElec    .         Reflect  .   (no cloak)
rCorr    .         Harm     .   (no gloves)
MR       .....                  v - +0 pair of boots
Stlth    ..........             (no amulet)
HPRegen  0.18/turn              s - ring of positive energy
MPRegen  0.10/turn              (no ring)

@: very slightly contaminated
A: no striking features
a: Berserk, Trog's Hand, Renounce Religion


You were on level 5 of the Dungeon.
You worshipped Trog.
Trog was most pleased with you.
You were near starving.

You visited 1 branch of the dungeon, and saw 5 of its levels.

You collected 310 gold pieces.

Inventory:

Hand Weapons
 a - a +2 hand axe
 e - a +0 shortbow
 m - a +2 hand axe of freezing (weapon)
 n - a +0 halberd
 p - a +0 rapier
 y - a +0 short sword of flaming
 D - a cursed -2 mace
 F - a +0 war axe
Missiles
 g - 44 stones (quivered)
 j - 62 arrows
 l - 17 poisoned needles
 C - a tomahawk
Armour
 b - a +1 animal skin
 c - a +2 large shield
 q - a +0 scale mail (worn)
 r - a +0 ring mail
 v - a +0 pair of boots (worn)
 w - a +0 pair of boots
Jewellery
 h - an uncursed ring of resist corrosion {unknown}
 i - an uncursed amulet of faith
 s - a ring of positive energy (left hand)
Potions
 d - a potion of degeneration {unknown}
 f - a potion of berserk rage {unknown}
 o - 2 potions of magic
 t - 2 potions of mutation {unknown}
 x - a potion of invisibility {unknown}
 z - 2 potions of flight {unknown}
 A - a potion of curing {unknown}
 B - a potion of might {unknown}
Comestibles
 k - 2 chunks of flesh
 u - 2 rations


   Skills:
 + Level 4.1 Fighting
 + Level 6.5 Axes
 + Level 1.8 Throwing
 + Level 3.6 Armour
 + Level 3.4 Dodging
 + Level 1.0 Stealth


You had 6 spell levels left.
You didn't know any spells.
Your spell library was empty.

Dungeon Overview and Level Annotations

Branches:
Dungeon (5/15)
 Temple: D:4-7

Altars:
Cheibriados
Dithmenos
Gozag
Vehumet
Wu Jian
The Shining One


Message History

The jelly hits you but does no damage.
You hit the jelly. You freeze the jelly.
Your hands burn!
* * * LOW HITPOINT WARNING * * *
The jelly is severely wounded.
The jelly hits you.
* * * LOW HITPOINT WARNING * * *
You are splashed with acid!
The acid burns!
* * * LOW HITPOINT WARNING * * *
Blink to where?
Press: ? - help, Dir - move target cursor You are very lightly contaminated with residual magic.
As you read the scroll of blinking, it crumbles to dust.
Found a ration.
Throwing (i - inventory. (/) - cycle)
g - 45 stones (quivered)
Press: ? - help, Shift-Dir - straight line, f - jelly
Aim: a jelly (severely wounded)
You throw a stone. The stone hits the jelly.
The jelly is severely wounded.
You hit the jelly but do no damage.
Your hands burn!
You die...

......#.#.#.##.#.#.
##....#.....##..... ..
#...#...#.#.##.#.#.
...###.#.###.....##.....
.............>.........
.##..#..#####..)...... #
#.(..#.....)<..... .
#J...#......)#.... ###.
#@......#...#...#. #..
#.....###..(...... #.#
#...............#. ##.#
###.........#.......
#..###......#.###..##..#.
##......##..##.###.##.....
##..........###.#...##.####
###..#....#.#.##.....†....#
#...##....#.._............#


You could see a jelly.

Vanquished Creatures
  A centaur (D:5)
  A howler monkey (D:5)
  A bullfrog zombie (D:5)
  4 hounds
  A jelly (D:5)
  A bullfrog skeleton (D:4)
  An orc wizard (D:5)
  2 iguanas
  3 worker ants
  A hound skeleton (D:5)
  4 gnolls (D:3)
  5 adders
  A river rat (D:3)
  3 worms
  3 dart slugs (D:1)
  4 leopard geckos
  13 orcs
  5 giant cockroaches
  14 hobgoblins
  4 kobolds
  A quokka (D:5)
  4 ball pythons
  4 bats
  4 frilled lizards
  7 goblins
  8 rats
100 creatures vanquished.

Notes
Turn   | Place    | Note
-------+----------+-------------------------------------------
     0 | D:1      | sixthfire the Human Berserker began the quest for the Orb.
     0 | D:1      | Reached XP level 1. HP: 18/18 MP: 1/1
   112 | D:1      | Reached XP level 2. HP: 15/24 MP: 2/2
   281 | D:1      | Reached XP level 3. HP: 21/29 MP: 3/3
   497 | D:1      | Reached ** piety under Trog
  1590 | D:2      | Found a snail-covered altar of Cheibriados.
  1767 | D:2      | Reached XP level 4. HP: 21/35 MP: 4/4
  1919 | D:2      | Reached skill level 4 in Axes
  1954 | D:2      | Found an opulent altar of Gozag.
  2399 | D:3      | Reached XP level 5. HP: 39/41 MP: 5/5
  2438 | D:3      | Found a glowing drain.
  2608 | D:3      | Reached *** piety under Trog
  2875 | D:3      | Found a glowing golden altar of the Shining One.
  3113 | D:4      | Reached skill level 5 in Axes
  3204 | D:4      | HP: 2/41 [hound (5)]
  3539 | D:4      | Reached skill level 1 in Throwing
  3539 | D:4      | Reached XP level 6. HP: 42/47 MP: 6/6
  3745 | D:4      | Found a shadowy altar of Dithmenos.
  3971 | D:4      | Found an ornate altar of the Wu Jian Council.
  4076 | D:5      | Entered Level 5 of the Dungeon
  4090 | D:5      | Reached XP level 7. HP: 45/53 MP: 7/7
  4130 | D:5      | Reached skill level 1 in Stealth
  4171 | D:5      | Found a radiant altar of Vehumet.
  4196 | D:5      | Reached skill level 6 in Axes
  4587 | D:5      | HP: 1/54 [acid (7)]
  4600 | D:5      | Splashed by a jelly's acid

Vault maps used:
D:1:      saegor_arrival_miasma, patterned_corridor
D:2:      lemuel_coloured_pillars_altar, eino_curves_01, minmay_misc_feat_tower,
          grunt_gozag_breadcrumbs, uniq_jessica
D:3:      tso_metal_star, portal_sewer_entry_e, kennysheep_flooded_box
D:4:      kennysheep_mini_moat, lemuel_doored_altar,
          gammafunk_temple_overflow_statue,
          nicolae_dithmenos_through_a_glass_darkly
D:5:      lemuel_crystal_altar, serial_glass, glass_columns_c, glass_columns_a,
          glass_columns_b, glass_columns_b, glass_columns_a, glass_columns_b,
          glass_columns_a, glass_columns_a, first_ration

Skill      XL: |  1  2  3  4  5  6  7 |
---------------+----------------------+-----
Axes           | 4 5 6 |  6.5
Throwing       | 1 |  1.8
Armour         | 3 |  3.6
Dodging        | 3 |  3.4
Stealth        | 1 |  1.0
Fighting       | 4 |  4.1

Action                   |  1- 3 |  4- 6 |  7- 9 || total
-------------------------+-------+-------+-------++-------
Melee: Hand axe          |   127 |   242 |    59 ||   428
Throw: Stone             |    13 |    69 |    13 ||    95
Invok: Berserk           |       |       |     2 ||     2
  Use: Scroll            |     5 |     8 |     2 ||    15
       Potion            |       |     2 |       ||     2
  Eat: Ration            |     1 |     2 |       ||     3
       Chunk             |       |     2 |       ||     2
Armor: Animal skin       |    16 |       |       ||    16
       Ring mail         |    11 |    58 |       ||    69
       Scale mail        |       |    26 |    38 ||    64
Dodge: Dodged            |    70 |   147 |    40 ||   257

Table legend:
 A = Spawn XP
 B = Non-spawn XP
 C = Spawn XP percentage of total XP
 D = Spawn monster count
 E = Non-spawn monster count
 F = Spawn count percentage of total count
 G = Total turns spent on level
                    A         B        C        D         E        F      G
               +---------+---------+-------+---------+---------+-------+---------
         Total |       0 |    1001 |   0.0 |       0 |     100 |   0.0 |  4600
               +---------+---------+-------+---------+---------+-------+---------
           D:1 |       0 |      51 |   0.0 |       0 |      26 |   0.0 |  1043
           D:2 |       0 |      41 |   0.0 |       0 |      13 |   0.0 |  1077
           D:3 |       0 |     142 |   0.0 |       0 |      28 |   0.0 |   966
           D:4 |       0 |     230 |   0.0 |       0 |      13 |   0.0 |   990
           D:5 |       0 |     537 |   0.0 |       0 |      20 |   0.0 |   524
               +---------+---------+-------+---------+---------+-------+---------
